 Dungeon Sprint DCSS version 0.30.0-29-ga12c61a403 (webtiles) character file.

Game seed: 13970096256866134748

19455 boopmooplesden the Slayer (level 12, -11/136 HPs)
             Began as a Minotaur Berserker on June 20, 2023.
             Was the Champion of Trog.
             Mangled by a jiangshi (18 damage)
             ... summoned by a vampire mage
             ... in the Dungeon (Sprint IX: "|||||||||||||||||||||||||||||").
             The game lasted 00:06:30 (1980 turns).

boopmooplesden the Slayer (Minotaur Berserker)      Turns: 1980, Time: 00:06:31

Health: -11/136    AC: 26    Str: 26    XL:     12   Next: 36%
Magic:  11/11      EV: 13    Int:  4    God:    Trog [******]
Gold:   1706       SH:  0    Dex: 17    Spells: 11/11 levels left

rFire   . . .        w - +8 demon trident "Rift" {distort, reach+}
rCold   . . .        (no shield)
rNeg    . . .        F - +2 plate armour
rPois   .            (helmet restricted)
rElec   .            l - +2 cloak
rCorr   .            x - +0 pair of gloves
SInv    .            G - +1 pair of boots
Will    ++...        (no amulet) Stlth
                     o - +3 ring of dexterity
HPRegen 1.42/turn    p - +3 ring of dexterity
MPRegen 0.12/turn

%: no teleportation
@: strong-willed, on berserk cooldown, regenerating
A: horns 2, retaliatory headbutt
a: Renounce Religion, Berserk, Trog's Hand, Brothers in Arms


You were in the Dungeon.
You worshipped Trog.
Trog was exalted by your worship.
You visited 1 branch You collected 1706 gold pieces.

Inventory:

Hand Weapons
 a - a +0 spear
 k - a +6 quarterstaff of speed
 q - a +3 antimagic bardiche
 s - a +5 antimagic glaive
 w - the +8 demon trident "Rift" (weapon) {distort, reach+}
   (Trog gifted it to you in the Dungeon)
 y - a +0 bardiche of flaming
 z - the +3 glaive of Xymyata {antimagic, rPois rF++ rC- Will+}
   (Trog gifted it to you in the Dungeon)

   rF:        It greatly protects you from fire.
   rC:        It makes you vulnerable to cold.
   rPois:     It protects you from poison.
   Will:      It increases your willpower.
 E - the +16 obsidian axe {drain, demonic, Mesm Drain Fly SInv}
   (You found it in the Dungeon)

   Mesm:      Its wielder is mesmerised by any visible foes, and it cannot be
   unequipped while any foes are visible.
   SInv:      It lets you see invisible.
   Fly:       It grants you flight.
   Drain:     It drains your maximum health when unequipped.
Armour
 l - a +2 cloak (worn)
 v - a +0 plate armour
 x - a +0 pair of gloves (worn)
 F - a +2 plate armour (worn)
 G - a +1 pair of boots (worn)
Jewellery
 o - a +3 ring of dexterity (left hand)
 p - a +3 ring of dexterity (right hand)
 A - an amulet of the acrobat
 B - a ring of ice
 C - a ring of protection from cold
 D - an amulet of faith
Wands
 j - a wand of acid (10)
 r - a wand of polymorph (11)
Scrolls
 h - 2 scrolls of blinking
 t - 4 scrolls of fear
 u - 3 scrolls of identify
Potions
 b - a potion of resistance
 c - 5 potions of curing
 d - 3 potions of heal wounds
 e - 3 potions of haste
 f - 5 potions of magic
 g - a potion of berserk rage
 i - a potion of invisibility


   Skills:
 + Level 21.1 Fighting
 + Level 18.6(21.8) Polearms
 + Level 19.1(22.0) Staves
 + Level 13.7 Armour
 + Level 11.7 Dodging
 + Level 0.5 Stealth


You had 11 spell levels left.
You didn't know any spells.
Your spell library was empty.

Dungeon Overview and Level Annotations

Branches:
Dungeon (1/1)

Altars:
Cheibriados
Dithmenos
Elyvilon
Fedhas
Gozag
Hepliaklqana
Kikubaaqudgha
Makhleb
Nemelex Xobeh
Okawaru
Qazlal
Ru
Sif Muna
Trog
Uskayaw
Vehumet
Wu Jian
Xom
Yredelemnul
Zin
The Shining One
Jiyva
Lugonu

Shops:
D (*[(


Innate Abilities, Weirdness & Mutations

You have a pair of horns on your head.
You reflexively headbutt those who attack you in melee.


Message History

Your cyclops's corpse disappears in a puff of smoke!
There is an open door to the Dungeon here.
You feel much better.
You feel much better.
You hear some strange, mumbled words.
The stone giant throws a large rock.
The large rock closely misses you.
Your skin crawls.
You feel strong-willed.
You puncture the stone giant!
The stone giant is moderately wounded.
The stone giant blinks!
The stone giant hits you!
You see here a manticore corpse.
You hit the stone giant.
Space warps around the stone giant.
The stone giant is lightly wounded.
The stone giant hits you!!
* * * LOW HITPOINT WARNING * * *
You puncture the stone giant!
The stone giant is moderately wounded.
The stone giant blinks!
You barely miss the jiangshi. The jiangshi claws you!
* * * LOW HITPOINT WARNING * * *
The jiangshi draws strength from your injuries!
The jiangshi claws you.
* * * LOW HITPOINT WARNING * * *
The jiangshi draws strength from your injuries!
The stone giant throws a large rock.
The large rock hits you.
* * * LOW HITPOINT WARNING * * *
You impale the jiangshi!!
Space warps horribly around the jiangshi!
You headbutt the jiangshi!
The jiangshi is severely damaged.
The jiangshi claws you.
* * * LOW HITPOINT WARNING * * *
The jiangshi draws strength from your injuries!
The jiangshi closely misses you.
The stone giant throws a large rock.
The large rock hits you.
* * * LOW HITPOINT WARNING * * *
The jiangshi claws you!!
You die...

▓.▓.▓)▓.▓.▓.▓†▓
▓.▓.▓∩▓.▓.▓.▓.▓
▓.▓.▓.▓.▓.▓.▓.▓
▓.▓.▓∩▓.▓.▓.▓.▓
▓G▓.▓)▓.▓.▓.▓.▓
▓y▓.▓∩▓.▓.▓.▓.▓
▓[▓.▓)▓.▓†▓.▓.▓
▓V▓.▓.▓.▓†▓.▓)▓
▓@▓.▓)▓.▓.▓.▓?▓
▓'▓)▓)▓.▓†▓.▓.▓
▓.▓.▓)▓.▓†▓.▓'▓
▓C▓.▓)▓.▓.▓.▓_▓
▓C▓.▓.▓.▓.▓.▓_▓
▓.▓.▓.▓.▓.▓.▓_▓
▓.▓.▓.▓.▓.▓.▓_▓
▓.▓.▓.▓.▓.▓.▓_▓
▓!▓.▓.▓.▓†▓.▓_▓


You could see 2 stone giants, a spark wasp, a jiangshi (summoned) and a glowing
orange brain.

Vanquished Creatures
  2 ettins (D)
  2 hydras (D)
  A centaur warrior (D)
  A tengu warrior (D)
  4 orc high priests (D)
  A spriggan berserker (D)
  Sonja (D)
  2 skysharks (D)
  4 orc sorcerers (D)
  An orc knight (D)
  2 manticores (D)
  An ugly thing (D)
  2 black mambas (D)
  3 komodo dragons (D)
  A rime drake (D)
  4 cane toads (D)
  A tengu conjurer (D)
  A yaktaur (D)
  A troll (D)
  2 meliai (D)
  A slime creature (D)
  2 yaks (D)
  2 vampire mosquitoes (D)
  A basilisk (D)
  A warg (D)
  3 water moccasins (D)
  9 orc warriors (D)
  8 wolves (D)
  2 centaurs (D)
  A bullfrog (D)
  2 orc priests (D)
  2 iguanas (D)
  2 orc wizards (D)
  An adder (D)
  A dart slug (D)
  16 orcs (D)
  A quokka (D)
  2 ball pythons (D)
  A kobold (D)
95 creatures vanquished.

Vanquished Creatures (collateral kills)
  2 orc knights (D)
2 creatures vanquished.

Grand Total: 97 creatures vanquished

Notes
Turn   | Place    | Note
-------+----------+-------------------------------------------
     0 | D        | boopmooplesden the Minotaur Berserker began the quest for
                  | the Orb.
     0 | D        | Reached XP level 1. HP: 19/19 MP: 0/0
     7 | D        | Reached skill level 4 in Fighting
    10 | D        | Reached ** piety under Trog
    53 | D        | Noticed an iguana
    53 | D        | Noticed an iguana
    58 | D        | Reached skill level 5 in Fighting
    58 | D        | Reached skill level 5 in Polearms
    58 | D        | Reached XP level 2. HP: 29/29 MP: 1/1
    60 | D        | Reached *** piety under Trog
    61 | D        | Reached skill level 6 in Fighting
    61 | D        | Reached XP level 3. HP: 37/37 MP: 2/2
    65 | D        | Reached XP level 4. HP: 45/45 MP: 3/3
    72 | D        | Found a snail-covered altar of Cheibriados.
    72 | D        | Found a shadowy altar of Dithmenos.
    72 | D        | Found a white marble altar of Elyvilon.
    72 | D        | Found a blossoming altar of Fedhas.
    72 | D        | Found an opulent altar of Gozag.
    73 | D        | Found a hazy altar of Hepliaklqana.
    74 | D        | Found a viscous altar of Jiyva.
    75 | D        | Found an ancient bone altar of Kikubaaqudgha.
    76 | D        | Found a corrupted altar of Lugonu.
    77 | D        | Found a burning altar of Makhleb.
    78 | D        | Found a sparkling altar of Nemelex Xobeh.
    79 | D        | Found an iron altar of Okawaru.
    80 | D        | Found a stormy altar of Qazlal.
    81 | D        | Found a sacrificial altar of Ru.
    82 | D        | Found a shimmering blue altar of Sif Muna.
    83 | D        | Found a bloodstained altar of Trog.
    84 | D        | Found a hide-covered altar of Uskayaw.
    85 | D        | Found a radiant altar of Vehumet.
    86 | D        | Found an ornate altar of the Wu Jian Council.
    87 | D        | Found a shimmering altar of Xom.
    88 | D        | Found a basalt altar of Yredelemnul.
    89 | D        | Found a glowing silver altar of Zin.
    90 | D        | Found a glowing golden altar of the Shining One.
   141 | D        | Noticed a centaur
   141 | D        | Noticed a vampire mosquito
   141 | D        | Noticed an orc warrior
   141 | D        | Noticed a yak
   141 | D        | Noticed a troll
   141 | D        | Noticed a yak
   146 | D        | Killed a yak
   146 | D        | Reached **** piety under Trog
   147 | D        | Reached skill level 9 in Fighting
   147 | D        | Reached skill level 1 in Staves
   147 | D        | Reached skill level 5 in Armour
   147 | D        | Reached XP level 5. HP: 57/57 MP: 4/4
   149 | D        | Killed a troll
   150 | D        | Reached skill level 11 in Fighting
   150 | D        | Reached skill level 5 in Dodging
   150 | D        | Reached XP level 6. HP: 68/68 MP: 5/5
   151 | D        | Killed a yak
   152 | D        | Reached XP level 7. HP: 75/75 MP: 6/6
   156 | D        | Reached skill level 12 in Fighting
   157 | D        | Killed a vampire mosquito
   157 | D        | Reached ***** piety under Trog
   317 | D        | Noticed a slime creature
   317 | D        | Noticed a centaur warrior
   317 | D        | Noticed a vampire mosquito
   317 | D        | Noticed a meliai
   317 | D        | Noticed a manticore
   323 | D        | Killed a manticore
   324 | D        | Reached skill level 13 in Fighting
   324 | D        | Reached XP level 8. HP: 88/88 MP: 7/7
   327 | D        | Killed a meliai
   328 | D        | Reached skill level 14 in Fighting
   332 | D        | Received a gift from Trog
   336 | D        | Killed a centaur warrior
   337 | D        | Reached skill level 15 in Fighting
   337 | D        | Reached skill level 15 in Polearms
   337 | D        | Reached XP level 9. HP: 97/97 MP: 8/8
   340 | D        | Reached skill level 5 in Staves
   630 | D        | Noticed a komodo dragon
   630 | D        | Noticed a rime drake
   630 | D        | Noticed a cane toad
   630 | D        | Noticed a cane toad
   635 | D        | Killed a cane toad
   636 | D        | Noticed a black mamba
   636 | D        | Noticed a cane toad
   639 | D        | Killed a cane toad
   642 | D        | Reached skill level 16 in Fighting
   647 | D        | Killed a rime drake
   651 | D        | Killed a komodo dragon
   654 | D        | Killed a black mamba
   655 | D        | Reached XP level 10. HP: 108/108 MP: 9/9
   657 | D        | Killed a cane toad
   661 | D        | Received a gift from Trog
   750 | D        | Noticed a cane toad
   750 | D        | Noticed a skyshark
   750 | D        | Noticed a black mamba
   759 | D        | Killed a black mamba
   760 | D        | Reached skill level 17 in Fighting
   765 | D        | Reached ****** piety under Trog
   766 | D        | Reached skill level 10 in Armour
   770 | D        | Noticed a skyshark
   774 | D        | Killed a skyshark
   774 | D        | Noticed a four-headed hydra
   775 | D        | Reached skill level 10 in Staves
   775 | D        | Reached skill level 10 in Dodging
   779 | D        | Killed a cane toad
   785 | D        | Received a gift from Trog
   789 | D        | Killed a skyshark
   793 | D        | Killed a four-headed hydra
   856 | D        | Received a gift from Trog
   856 | D        | Found the +8 demon trident "Rift" {distort, reach+}
   857 | D        | Reached XP level 11. HP: 118/118 MP: 10/10
   865 | D        | Reached skill level 18 in Fighting
  1005 | D        | Noticed an ettin
  1010 | D        | Killed an ettin
  1016 | D        | Received a gift from Trog
  1031 | D        | Received a gift from Trog
  1032 | D        | Reached skill level 15 in Staves
  1063 | D        | Noticed an orc sorcerer
  1063 | D        | Noticed an orc high priest
  1068 | D        | Noticed an orc high priest
  1069 | D        | Noticed an orc high priest
  1072 | D        | Noticed a soul eater
  1072 | D        | Killed an orc high priest
  1076 | D        | Killed an orc sorcerer
  1079 | D        | Received a gift from Trog
  1085 | D        | Noticed an orc knight
  1087 | D        | Killed an orc high priest
  1089 | D        | Noticed an orc knight
  1099 | D        | Killed an orc high priest
  1104 | D        | Killed an orc knight
  1105 | D        | Reached skill level 19 in Fighting
  1106 | D        | Killed an orc knight
  1106 | D        | Received a gift from Trog
  1431 | D        | Found Udiduethraic's Weapon Boutique.
  1431 | D        | Noticed an orc sorcerer
  1433 | D        | Killed an orc sorcerer
  1433 | D        | Noticed an orc high priest
  1437 | D        | Found Qupp's Antique Armour Shop.
  1441 | D        | Found Xemesoet's General Store.
  1453 | D        | Killed an orc high priest
  1454 | D        | Found Moywn's Weapon Shop.
  1457 | D        | Identified the +3 glaive of Xymyata {antimagic, rPois rF++
                  | rC- Will+} (Trog gifted it to you in the Dungeon)
  1457 | D        | Received a gift from Trog
  1458 | D        | Noticed an orc knight
  1458 | D        | Noticed an orc sorcerer
  1460 | D        | Noticed an orc sorcerer
  1468 | D        | Killed an orc knight
  1470 | D        | Noticed a sun demon
  1479 | D        | Killed an orc sorcerer
  1481 | D        | Killed an orc sorcerer
  1556 | D        | Noticed Joseph
  1564 | D        | Banished Joseph
  1581 | D        | Noticed Sonja
  1588 | D        | Killed Sonja
  1589 | D        | Reached skill level 20 in Fighting
  1589 | D        | Reached XP level 12. HP: 67/133 MP: 11/11
  1839 | D        | Found the +16 obsidian axe {drain, demonic, Mesm Drain Fly
                  | SInv}
  1923 | D        | Noticed a four-headed hydra
  1925 | D        | Noticed a tengu warrior
  1934 | D        | Noticed an ettin
  1950 | D        | Noticed a stone giant
  1952 | D        | Killed a tengu warrior
  1952 | D        | Received a gift from Trog
  1954 | D        | Killed a four-headed hydra
  1960 | D        | Noticed a stone giant
  1962 | D        | Killed an ettin
  1962 | D        | Noticed a vampire mage
  1963 | D        | Reached skill level 21 in Fighting
  1965 | D        | Noticed a spark wasp
  1974 | D        | Noticed a jiangshi
  1980 | D        | Mangled by a jiangshi

Illustrated notes

Levels and vault maps discovered:
D:        linesprint [early_d, line_temple, items_1, d_10, items_2, lair_1,
          lair_end, items_3, orc_1, orc_end, items_4, d_15, swamp_1, shoals_1,
          snake_1, spider_1, d_20, vaults_1, items_5, swamp_end, shoals_end,
          snake_end, spider_end, vaults_end, d_27, items_6, zot_1, zot_end,
          crypt_end, forest_end, elf_end, slime_end, tomb_end, abyss_end,
          pan_hell_end]

Skill      XL: |  1  2  3  4  5  6  7  8  9 10 11 12 |
---------------+-------------------------------------+-----
Fighting       | 5 6 9 11 13 15 16 17 20 21 | 21.1
Polearms       | 5 6 9 11 12 13 15 16 17 18 | 18.6
Armour         | 3 5 6 7 8 9 10 12 13 | 13.7
Dodging        | 3 4 5 6 7 8 9 10 11 | 11.7
Staves         | 1 2 3 4 7 13 18 19 | 19.1
Stealth        | |  0.5

Action                     |  1- 3 |  4- 6 |  7- 9 | 10-12 || total
---------------------------+-------+-------+-------+-------++-------
  Melee: Spear             |    21 |     2 |       |       ||    23
         Headbutt          |     2 |     3 |    11 |    41 ||    57
         Punch             |     1 |       |       |     1 ||     2
         Quarterstaff      |       |     9 |    46 |    60 ||   115
         Demon trident     |       |       |       |   125 ||   125
 Invoke: Berserk           |     1 |     1 |     2 |     7 ||    11
         Trog's Hand       |       |       |       |     2 ||     2
         Brothers in Arms  |       |       |       |     2 ||     2
    Use: Scroll            |       |       |     2 |     3 ||     5
         Potion            |       |       |       |     4 ||     4
 Armour: Animal skin       |     4 |       |       |       ||     4
         Ring mail         |       |     1 |     8 |     9 ||    18
         Plate armour      |       |       |       |    61 ||    61
  Dodge: Dodged            |     8 |     2 |    22 |    92 ||   124
